 Dungeon Crawl Stone Soup version 0.26.0-10-g1f06aea511 (webtiles) character file.

Game seed: 10764665091759580070

2061 vatarom the Blocker (level 9, -5/72 HPs)
             Began as a Formicid Hunter on Jan 20, 2021.
             Was a Priest of Okawaru.
             Killed by nerve-wracking pain
             ... invoked by an orc priest
              (12 damage)
             ... on level 6 of the Dungeon.
             The game lasted 00:12:32 (5570 turns).

vatarom the Blocker (Formicid Hunter)               Turns: 5570, Time: 00:12:33

Health: -5/72      AC:  8    Str: 17    XL:     9   Next: 50%
Magic:  11/11      EV:  7    Int: 13    God:    Okawaru [***...]
Gold:   481        SH: 16    Dex: 12    Spells: 8/8 levels left

rFire    . . .     SeeInvis +   C - +0 dire flail
rCold    . . .     Faith    .   b - +0 tower shield
rNeg     . . .     Spirit   .   n - +0 scale mail
rPois    .         Reflect  .   (helmet unavailable)
rElec    .         Harm     .   (no cloak)
rCorr    .         Rampage  .   g - +1 pair of gloves
Will     .....                  (no boots)
Stlth    ..........             l - amulet of regeneration
HPRegen  0.62/turn              w - ring of wizardry
MPRegen  0.12/turn              (no ring)

@: mighty, flying
A: permanent stasis, dig shafts and tunnels, four strong arms, antennae 3
a: Dig, Shaft Self, Renounce Religion, Heroism


You were on level 6 of the Dungeon.
You worshipped Okawaru.
Okawaru was most pleased with you.
You visited 1 branch of the dungeon, and saw 7 of its levels.

You collected 481 gold pieces.

Inventory:

Hand Weapons
 a - a +1 hand crossbow
 C - a +0 dire flail (weapon)
Missiles
 d - 5 bolts
 e - 6 silver boomerangs (quivered)
 k - 16 poisoned darts
Armour
 b - a +0 tower shield (worn)
 g - a +1 pair of gloves (worn)
 n - a +0 scale mail (worn)
Jewellery
 l - an amulet of regeneration (around neck)
 w - a ring of wizardry (left hand)
Wands
 i - a wand of disintegration (9)
 p - a wand of digging (3) {@v1}
 t - a wand of flame (21)
Scrolls
 f - 3 scrolls of amnesia
 j - a scroll of blinking {@r4}
 m - 7 scrolls of remove curse {@r2}
 q - 2 scrolls of fog
 u - a scroll of immolation {unknown}
 v - 2 scrolls of teleportation {unknown}
 x - 4 scrolls of identify {@r1}
 y - a scroll of random uselessness {unknown}
 A - a scroll of torment {unknown}
 B - a scroll of enchant armour
Potions
 c - 2 potions of curing {unknown}
 h - 3 potions of flight
 o - 2 potions of heal wounds {unknown}
 r - a potion of might {@q4}
 s - a potion of ambrosia {unknown}
 z - a potion of cancellation {unknown}


   Skills:
 + Level 7.4 Fighting
 + Level 1.9 Maces & Flails
 - Level 7.0 Crossbows
 - Level 1.7 Dodging
 - Level 1.2 Stealth
 + Level 8.4 Shields
 + Level 3.2 Invocations


You had 8 spell levels left.
You didn't know any spells.
Your spell library was empty.

Dungeon Overview and Level Annotations

Branches:
Dungeon (7/15)
 Temple: D:4-7

Altars:
Dithmenos
Okawaru
Qazlal
Ru
Sif Muna
Wu Jian
Zin


Innate Abilities, Weirdness & Mutations

You cannot be hasted, slowed, berserked, paralysed or teleported.
You can dig through walls and to a lower floor.
Your four strong arms can wield two-handed weapons with a shield.
You have a pair of large antennae on your head. (SInv)


Message History

Beogh smites you!
You hit the orc priest but do no damage.
The orc priest is almost dead.
You block the orc's attack.
The orc priest mumbles some strange prayers to Beogh against you.
Beogh smites you!
* * * LOW HITPOINT WARNING * * *
It was a potion of flight.
You feel very buoyant.
You fly up into the air.
You block the orc's attack.
The orc priest hits you with a +2 hand axe of flaming.
* * * LOW HITPOINT WARNING * * *
The orc priest burns you.
* * * LOW HITPOINT WARNING * * *
It was a potion of might.
You feel very mighty all of a sudden. You block the orc's attack.
The orc priest invokes the aid of Beogh against you.
Pain shoots through your body!
You die...

#..##......##.#
##.###)...###.#
#..###..###..#
##...######..o#
#.....# #....#
#.....# #....#
#....######...#####
#...###..###.....>.
#o@###....###{.....
#.o##..)...##.####.
#.....)o.o....# #.
#..#.##.##.#### #.
##...##.##.# ##
##.####.##.########
#..# #..........##
#.## ####.####...#
#.# #......(..


You could see an orc priest and an orc.

Vanquished Creatures
  Grinder (D:5)
  Eustachio (D:6)
  A sky beast (D:5)
  An orc warrior (D:5)
  2 ogres
  A phantom (D:4)
  3 centaurs (D:5)
  2 bullfrogs
  A wyvern zombie (D:6)
  4 hounds
  A jelly (D:5)
  A centaur skeleton (D:5)
  3 orc priests
  A bullfrog skeleton (D:5)
  An iguana (D:5)
  7 orc wizards
  A worker ant (D:5)
  A hound skeleton (D:5)
  A mummy (D:5)
  3 gnolls (D:6)
  13 adders
  2 white imps (D:5)
  2 oozes
  4 worms
  5 dart slugs
  7 leopard geckos
  15 orcs
  4 bats
  2 giant cockroaches
  6 goblins
  A hobgoblin (D:2)
  9 jackals
  7 kobolds
  4 quokkas
  5 frilled lizards
  A quokka skeleton (D:6)
  6 rats
130 creatures vanquished.

Notes
Turn   | Place    | Note
-------+----------+-------------------------------------------
     0 | D:1      | vatarom the Formicid Hunter began the quest for the Orb.
     0 | D:1      | Reached XP level 1. HP: 16/16 MP: 1/1
   141 | D:1      | Reached XP level 2. HP: 23/23 MP: 2/2
   354 | D:1      | Reached XP level 3. HP: 29/29 MP: 3/3
   775 | D:2      | Found a shadowy altar of Dithmenos.
   930 | D:2      | Reached XP level 4. HP: 35/35 MP: 4/4
  1197 | D:2      | Reached skill level 5 in Crossbows
  1290 | D:3      | Found an iron altar of Okawaru.
  1345 | D:3      | Reached XP level 5. HP: 42/42 MP: 5/5
  2295 | D:4      | Reached XP level 6. HP: 50/50 MP: 6/6
  2306 | D:4      | Found a sacrificial altar of Ru.
  2565 | D:4      | Noticed a phantom
  2582 | D:4      | Killed a phantom
  2583 | D:4      | Reached skill level 5 in Fighting
  2665 | D:3      | Became a worshipper of Warmaster Okawaru
  2712 | D:4      | Found a glowing silver altar of Zin.
  2811 | D:4      | Reached XP level 7. HP: 53/56 MP: 7/7
  2818 | D:4      | Found a shimmering blue altar of Sif Muna.
  3275 | D:5      | Entered Level 5 of the Dungeon
  3355 | D:5      | Noticed Grinder
  3480 | D:5      | Reached skill level 1 in Shields
  3595 | D:5      | Reached * piety under Okawaru
  3596 | D:5      | Reached skill level 2 in Shields
  3710 | D:5      | Found a stormy altar of Qazlal.
  3750 | D:5      | Killed Grinder
  3750 | D:5      | Reached ** piety under Okawaru
  3751 | D:5      | Reached skill level 3 in Shields
  3751 | D:5      | Reached XP level 8. HP: 41/65 MP: 8/8
  3795 | D:5      | Reached skill level 4 in Shields
  4035 | D:5      | Reached skill level 5 in Shields
  4071 | D:5      | Reached skill level 6 in Shields
  4121 | D:5      | Reached skill level 7 in Shields
  4190 | D:5      | Reached XP level 9. HP: 43/71 MP: 9/9
  4636 | D:6      | Noticed Eustachio
  4660 | D:6      | Killed Eustachio
  4661 | D:6      | Reached skill level 1 in Invocations
  4760 | D:6      | Reached *** piety under Okawaru
  4761 | D:6      | Reached skill level 8 in Shields
  4998 | D:6      | Found an ornate altar of the Wu Jian Council.
  5128 | D:5      | Reached skill level 1 in Maces & Flails
  5570 | D:6      | Killed from afar by an orc priest

Illustrated notes

Levels and vault maps discovered:
D:1:      dpeg_arrival_tiny_a, layout_loops_ring
D:2:      layout_rooms, grunt_dithmenos_smoke_and_mirrors, grunt_decor_fettered,
          grunt_decor_cap
D:3:      layout_loops_cross, lemuel_crystal_altar, kennysheep_generic_room_2
D:4:      layout_loops_corners, tgw_sif, nicolae_overflow_crystal_walls,
          nicolae_ru_sacrificial_ziggurat
D:5:      layout_basic, nicolae_qazlal_general_emergency,
          gup_ossuary_entry_pyramid, uniq_grinder
D:6:      layout_loops_ring, basic_altar, minivault_19,
          minmay_fractal_squares_gapless_5, uniq_eustachio
D:7:      layout_rooms, minmay_temple_entry_from_below_a, basic_altar,
          serial_shops, kennysheep_mini, uniq_harold

Skill      XL: |  1  2  3  4  5  6  7  8  9 |
---------------+----------------------------+-----
Fighting       | 3 4 5 6 7 |  7.4
Crossbows      | 5 6 7 |  7.0
Shields        | 3 7 8 |  8.4
Invocations    | 3 |  3.2
Maces & Flails | 1 |  1.9
Dodging        | |  1.7
Stealth        | |  1.2

Action                   |  1- 3 |  4- 6 |  7- 9 || total
-------------------------+-------+-------+-------++-------
Melee: Flail             |       |       |   107 ||   107
       Dire flail        |       |       |    34 ||    34
 Fire: Hand crossbow     |    67 |   130 |   150 ||   347
Throw: Boomerang         |       |       |    16 ||    16
 Abil: Dig               |       |       |     3 ||     3
Evoke: Wand              |       |       |     6 ||     6
  Use: Scroll            |       |     6 |       ||     6
       Potion            |       |       |     2 ||     2
Armor: Leather armour    |    11 |     6 |       ||    17
       Scale mail        |       |    13 |    82 ||    95
Dodge: Dodged            |    20 |    25 |    65 ||   110
Block: Tower shield      |       |       |   193 ||   193
